[Event "Bay Area Open 2019"]
[Site "Burlingame"]
[Date "2019.01.05"]
[Round "6"]
[White "Boros, Denes"]
[Black "Stukopin, Andrey"]
[Result "0-1"]
[ECO "E11"]
[WhiteElo "2442"]
[BlackElo "2565"]
[Annotator "ChessBase"]
[PlyCount "90"]
[EventDate "2019.01.01"]
[EventType "swiss"]
[EventCountry "USA"]
[SourceTitle "playchess.com"]
[Source "ChessBase"]
[SourceQuality "1"]
[TimeControl "40/5400+30:1800+30"]

1. d4 Nf6 2. c4 e6 3. Nf3 d5 4. g3 Bb4+ 5. Bd2 Be7 6. Bg2 c6 7. Qc2 Nbd7 8. a4 a5 9. O-O O-O 10. Rc1 Ne4 11. Be1 f5 12. e3 Kh8 13. Nbd2 Bd6 14. Qd1 Qe7 15. Nb3 Bc7 16. Nfd2 Ndf6 17. Nf3 g5 18. Ne5 g4 19. Nd2 Ng5 20. Rab1 Bd7 21. Qb3 Rfb8 22. Qc2 Nf7 23. f4 gxf3 24. Ndxf3 Ng4 25. Nxd7 Qxd7 26. Qe2 Bd6 27. Bc3 Qe7 28. Bh3 Rg8 29. Bxg4 Rxg4 30. Kh1 Ng5 31. cxd5 exd5 32. Ne5 Bxe5 33. dxe5 Ne4 34. Rf1 Rxg3 35. Rxf5 Rag8 36. e6+ Nxc3 37. bxc3 Qxe6 38. Qd3 R3g7 39. Rf4 Qh3 40. Qd2 c5 41. Qxd5 Qxe3 42. Rff1 Rg5 43. Rbe1 Qxc3 44. Qxb7 Qd2 45. Qf3 Rf5 0-1